 Dungeon Crawl Stone Soup version 0.23.0 (webtiles) character file.

Game seed: 11618781549402622544

56 Mgcat the Chucker (level 3, -3/31 HPs)
             Began as a Minotaur Hunter on Feb 11, 2019.
             Slain by Sigmund
             ... wielding a +4 scythe of protection
              (13 damage)
             ... on level 2 of the Dungeon.
             The game lasted 00:02:49 (902 turns).

Mgcat the Chucker (Minotaur Hunter)                  Turns: 902, Time: 00:02:50

Health: -3/31      AC:  7    Str: 20    XL:     3   Next: 69%
Magic:  2/2        EV: 11    Int:  8    God:
Gold:   105        SH:  3    Dex: 10    Spells: 2/2 levels left

rFire    . . .     SeeInvis .   m - +0 hand axe
rCold    . . .     Gourm    .   h - +0 buckler
rNeg     . . .     Faith    .   e - +0 ring mail
rPois    .         Spirit   .   (helmet restricted)
rElec    .         Reflect  .   (no cloak)
rCorr    .         Harm     .   o - +1 pair of gloves {Str+3}
MR       .....                  (no boots)
Stlth    +.........             (no amulet)
HPRegen  0.10/turn              (no ring)
MPRegen  0.08/turn              (no ring)

@: no status effects
A: retaliatory headbutt, horns 2
a: no special abilities


You were on level 2 of the Dungeon.
You were not hungry.

You visited 1 branch of the dungeon, and saw 2 of its levels.

You collected 105 gold pieces.

Inventory:

Hand Weapons
 m - a +0 hand axe (weapon)
   (You found it on level 2 of the Dungeon)
Missiles
 c - 6 javelins (quivered)
 d - 2 throwing nets {=f, !d}
Armour
 e - a +0 ring mail (worn)
   (You found it on level 1 of the Dungeon)
 h - a +0 buckler (worn)
   (You found it on level 1 of the Dungeon)
 o - a +1 pair of gloves of strength (worn)
   (You found it on level 2 of the Dungeon)
Scrolls
 b - a scroll of identify {unknown}
 i - a scroll of teleportation {unknown}
Potions
 j - 2 potions of resistance {unknown}
 l - a potion of heal wounds {unknown}
 n - a potion of flight {unknown}
Comestibles
 f - 3 rations
 g - 7 chunks of flesh {@w0}


   Skills:
 + Level 3.3 Fighting
 + Level 0.8 Axes
 - Level 4.0 Throwing
 + Level 2.1 Armour
 + Level 3.1 Dodging
 - Level 0.7 Stealth


You had 2 spell levels left.
You didn't know any spells.
Your spell library was empty.

Dungeon Overview and Level Annotations

Branches:
Dungeon (2/15)

Altars:

Annotations:
D:2 Sigmund


Innate Abilities, Weirdness & Mutations

You reflexively headbutt those who attack you in melee.
You have a pair of horns on your head.


Message History

p - 2 lumpy purple potions Wear which item? (? for menu, Esc to quit)
You start putting on your armour.
You continue putting on your pair of embroidered gloves. x4
You finish putting on your +1 pair of gloves of strength.
You feel stronger.
Some of the chunks of flesh in your inventory have rotted away.
f - 2 rations (gained 1)
Things that are here:
a +0 dagger; a kobold corpse You butcher the hobgoblin corpse.
g - 5 chunks of flesh {@w0} (gained 4)
Things that are here:
a +0 club; a hobgoblin skeleton
Things that are here:
a +0 club; a hobgoblin skeleton You butcher the bat corpse.
g - 6 chunks of flesh {@w0} (gained 1)
You see here a bat skeleton. x2
You see here a stone.
You now have 105 gold pieces (gained 9).
You see here a stone.
You see here a +0 short sword.
A bat comes into view.
You regained 4 hp, and now have 28/31 hp.
The bat hits you but does no damage. The bat closely misses you.
You miss the bat. The bat hits you.
You take 1 damage, and have 27/31 hp.
You hit the bat.
You kill the bat!
No target in view!
No target in view!
No target in view!
You butcher the bat corpse.
g - 7 chunks of flesh {@w0} (gained 1)
You see here a bat skeleton. x2
f - 3 rations (gained 1) Marking area around Sigmund as unsafe for travelling.
Sigmund the Dreaded comes into view.
He is wielding a +4 scythe of protection.
Sigmund shouts!
Sigmund gestures at you while chanting. The magic dart hits you.
You take 2 damage, and have 25/31 hp.
Spoiler Alert: Sigmund can cast Slow, Confuse, Throw Flame, and go Invisible!
Unknown command.
Sigmund points at you and mumbles some strange words.
You are confused.
Sigmund gestures at you while chanting.
You are more confused.
You bump into the rock wall.
Sigmund casts a spell at you. The puff of flame hits you.
You take 4 damage, and have 22/31 hp.
Spoiler Alert: Sigmund can cast Slow, Confuse, Throw Flame, and go Invisible!
Sigmund breathes a few words.
Sigmund's hands start flickering wildly.
Sigmund gestures at you while chanting. The magic dart hits you.
You take 6 damage, and have 16/31 hp.
You bump into the rock wall.
Spoiler Alert: Sigmund can cast Slow, Confuse, Throw Flame, and go Invisible!
Sigmund drinks a potion.
Sigmund suddenly seems more agile.
Sigmund closely misses you.
You bump into the rock wall.
Sigmund hits you with a +4 scythe of protection.
Found a stone staircase leading up.
You're too confused to move!
Sigmund hits you with a +4 scythe of protection!
* * * LOW HITPOINT WARNING * * *
You take 10 damage, and have 6/31 hp.
MASSIVE DAMAGE!!
Spoiler Alert: Sigmund can cast Slow, Confuse, Throw Flame, and go Invisible!
You feel agile all of a sudden.
You feel less confused.
It was a potion of curing.
You feel better. Sigmund closely misses you. You furiously retaliate!
You headbutt Sigmund, but do no damage.
You regained 6 hp, and now have 12/31 hp.
You miss Sigmund. Your headbutt misses Sigmund. Sigmund looks at you with fury.
Sigmund closely misses you.
Spoiler Alert: Sigmund can cast Slow, Confuse, Throw Flame, and go Invisible!
You hit Sigmund but do no damage. Your headbutt misses Sigmund.
Sigmund hits you but does no damage.
You hit Sigmund but do no damage. You headbutt Sigmund, but do no damage.
You hit Sigmund. Your headbutt misses Sigmund.
Sigmund is lightly wounded.
Sigmund hits you with a +4 scythe of protection!
* * * LOW HITPOINT WARNING * * *
You take 11 damage, and have 1/31 hp.
MASSIVE DAMAGE!!
Spoiler Alert: Sigmund can cast Slow, Confuse, Throw Flame, and go Invisible!
You feel better.
Sigmund hits you with a +4 scythe of protection.
* * * LOW HITPOINT WARNING * * *
You regained 8 hp, and now have 9/31 hp.
It was a potion of cancellation.
Your magical effects are unravelling.
You feel magically purged.
You feel a little less agile now.
Sigmund screams, "Die, monster!"
Sigmund hits you with a +4 scythe of protection!
You die...

####..........(...#..#..
.............+(###.###.
#######.........÷#.....
#.........))..#..
#############...)###.###
..........# #.....#..#..
<.........# #.÷...#....#
.......@..###.......#.#
#.....@..........###.#
################## .# ..


You could see Sigmund.

Vanquished Creatures
  2 adders (D:2)
  A dart slug (D:1)
  4 giant cockroaches (D:1)
  A goblin (D:1)
  4 hobgoblins
  A quokka (D:2)
  4 bats
  6 frilled lizards
  9 kobolds
  7 rats
39 creatures vanquished.

Notes
Turn   | Place    | Note
-------+----------+-------------------------------------------
     0 | D:1      | Mgcat the Minotaur Hunter began the quest for the Orb.
     0 | D:1      | Reached XP level 1. HP: 18/18 MP: 0/0
   160 | D:1      | Reached skill level 1 in Armour
   162 | D:1      | Reached XP level 2. HP: 23/25 MP: 1/1
   450 | D:1      | Reached skill level 3 in Fighting
   613 | D:2      | Reached XP level 3. HP: 21/31 MP: 2/2
   793 | D:2      | Reached skill level 3 in Dodging
   799 | D:2      | Reached skill level 2 in Armour
   879 | D:2      | Noticed Sigmund
   894 | D:2      | HP: 6/31 [Sigmund/+4 scythe of protection (10)]
   900 | D:2      | HP: 1/31 [Sigmund/+4 scythe of protection (11)]
   902 | D:2      | Slain by Sigmund

Skill      XL: |  1  2  3 |
---------------+----------+-----
Armour         | 1 2 |  2.1
Fighting       | 3 |  3.3
Dodging        | 3 |  3.1
Axes           | |  0.8
Throwing       | |  4.0
Stealth        | |  0.7

Action                   || total
-------------------------++-------
Melee: Short sword       ||    81
       Headbutt          ||     9
       Hand axe          ||    22
  Use: Potion            ||     4
Armor: Ring mail         ||    48
       Leather armour    ||     3
Dodge: Dodged            ||    59
Block: Buckler           ||     5

Levels and vault maps discovered:
D:1:      dpeg_arrival_prison, layout_rooms
D:2:      kennysheep_the_goblin_king, layout_basic, first_ration,
          minmay_pentomino_t4, uniq_sigmund

Table legend:
 A = Turns spent in this place as a percentage of turns spent in the entire game.
 B = Non-inter-level travel turns spent in this place as a percentage of non-inter-level travel turns spent in the entire game.
 C = Inter-level travel turns spent in this place as a percentage of turns spent in this place.
 D = Turns resting spent in this place as a percentage of non-inter-level travel turns spent in this place.
 E = Turns spent auto-exploring this place as a percentage of non-inter-level travel turns spent in this place.
 F = Non-inter-level travel turns spent in this place divided by the number of levels of this place that you've seen.
                   A       B       C       D       E      F
               +-------+-------+-------+-------+-------+----------------------
         Total | 100.0 | 100.0 |   4.8 |   0.5 |  68.8 | 429.5
       Dungeon | 100.0 | 100.0 |   4.8 |   0.5 |  68.8 | 429.5
               +-------+-------+-------+-------+-------+----------------------

Table legend:
 A = Kills in this place as a percentage of kills in entire the game.
 B = Kills by you in this place as a percentage of kills by you in the entire game.
 C = Kills by friends in this place as a percentage of kills by friends in the entire game.
 D = Other kills in this place as a percentage of other kills in the entire game.
 E = Experience gained in this place as a percentage of experience gained in the entire game.
 F = Experience gained in this place divided by the number of levels of this place that you have seen.
                   A       B       C       D       E      F
               +-------+-------+-------+-------+-------+----------------------
         Total | 100.0 | 100.0 |   N/A |   N/A | 100.0 |  40.0
       Dungeon | 100.0 | 100.0 |   N/A |   N/A | 100.0 |  40.0
               +-------+-------+-------+-------+-------+----------------------
